 Dungeon Crawl Stone Soup version 0.29-a0-962-gc8bbfd0a37 (webtiles) character file.

Game seed: 3991899116998066913

3577 quixfox the Geomancer (level 10, -4/59 HPs)
             Began as a Gargoyle Earth Elementalist on July 30, 2022.
             Was a Believer of Vehumet.
             Slain by a two-headed ogre
             ... wielding a +0 giant spiked club
              (16 damage)
             ... on level 8 of the Dungeon.
             The game lasted 00:39:53 (8863 turns).

quixfox the Geomancer (Gargoyle Earth Elementalist) Turns: 8863, Time: 00:39:53

Health: -4/59      AC: 16    Str: 13    XL:     10   Next: 10%
Magic:  14/19      EV: 12    Int: 25    God:    Vehumet [**....]
Gold:   305        SH:  0    Dex: 16    Spells: 15/22 levels left

rFire   . . .      SeeInvis .   I - +4 falchion
rCold   + . .      Faith    .   (no shield)
rNeg    + . .      Spirit   .   A - +2 leather armour {rC+}
rPois   ∞          Reflect  .   (no helmet)
rElec   +          Harm     .   (no cloak)
rCorr   .          Rampage  .   C - +2 pair of gloves
Will    .....                   (no boots)
Stlth   ++........              (no amulet)
HPRegen 0.19/turn               f - +6 ring of dexterity
MPRegen 0.16/turn               u - +6 ring of intelligence

@: no status effects
A: sickness immunity, AC +7, negative energy resistance 1, electricity
resistance, torment resistance 1, petrification resistance
a: Renounce Religion


You were on level 8 of the Dungeon.
You worshipped Vehumet.
Vehumet was pleased with you.
You visited 2 branches of the dungeon, and saw 9 of its levels.

You collected 515 gold pieces.
You spent 210 gold pieces at shops.

Inventory:

Hand Weapons
 I - a +4 falchion (weapon)
Missiles
 q - 34 poisoned darts
 v - a throwing net
 E - 7 curare-tipped darts
Armour
 A - a +2 leather armour of cold resistance (worn)
 C - a +2 pair of gloves (worn)
 D - a +3 ring mail of positive energy
 G - a +0 buckler
Jewellery
 f - a +6 ring of dexterity (left hand)
 k - a ring of protection from cold
 o - the ring "Uditok" {rN+++ Will- Dex-2 Slay+4}
   (You found it on level 2 of the Dungeon)

   [ring of slaying]

   Dex:       It affects your dexterity (-2).
   Slay:      It affects your accuracy & damage with ranged weapons and melee
   (+4).
   rN:        It renders you almost immune to negative energy.
   Will:      It decreases your willpower.
 s - a ring of flight
 u - a +6 ring of intelligence (right hand)
Wands
 y - a wand of iceblast (4)
 B - a wand of light (6)
Scrolls
 d - a scroll of enchant weapon
 g - 3 scrolls of enchant armour
 j - 2 scrolls of fog
 n - 3 scrolls of blinking
 r - 3 scrolls of teleportation
 t - 4 scrolls of immolation
Potions
 a - a potion of flight {unknown}
 b - a potion of magic
 e - 3 potions of brilliance
 h - a potion of ambrosia
 i - 5 potions of heal wounds
 l - 2 potions of mutation
 m - 3 potions of curing
 p - 2 potions of attraction
 w - a potion of berserk rage {unknown}
 x - a potion of invisibility {unknown}
 z - 2 potions of might
 F - 2 potions of degeneration {unknown}


   Skills:
 + Level 5.5 Fighting
 + Level 4.7 Armour
 - Level 2.5 Dodging
 - Level 2.1 Stealth
 + Level 1.8 Shields
 + Level 6.6 Spellcasting
 + Level 7.1 Conjurations
 - Level 0.7 Transmutations
 + Level 9.2 Earth Magic


You had 15 spell levels left.
You knew the following spells:

 Your Spells              Type           Power      Damage    Failure   Level
a - Sandblast             Erth           100%       2d20      1%          1
b - Passwall              Tmut/Erth      27%        N/A       1%          2
c - Stone Arrow           Conj/Erth      98%        3d13      1%          3
d - Magic Dart            Conj           100%       1d8       1%          1

Your spell library contained the following spells:

 Spells                   Type           Power      Damage    Failure   Level
 Poisonous Vapours        Pois/Air       16%        N/A       13%         2
 Mephitic Cloud           Conj/Pois/Air  20%        N/A       10%         3
 Petrify                  Tmut/Erth      33%        N/A       11%         4
 Call Imp                 Summ           8%         N/A       13%         2
 Ensorcelled Hibernation  Hex/Ice        16%        N/A       13%         2
 Swiftness                Air            8%         N/A       26%         3
 Cause Fear               Hex            4%         N/A       65%         4
 Dragon Form              Tmut           5%         N/A       100%        7
 Dragon's Call            Summ           4%         N/A       100%        9


Dungeon Overview and Level Annotations

Branches:
Dungeon (8/15)             Temple (1/1) D:6
   Lair: D:8-11

Altars:
Gozag
Uskayaw
Vehumet
Yredelemnul

Shops:
D:1 *   D:3 :   D:4 *

Annotations:
D:2 1 runed translucent door, Crazy Yiuf
D:5 2 runed translucent doors, OstrichLN's ghost, amateur DsGl
D:6 5 runed translucent doors


Innate Abilities, Weirdness & Mutations

You are immune to sickness and miasma.
Your stone body is resilient. (AC +7)
You are immune to poison.
You resist negative energy. (rN+)
You are resistant to electric shocks. (rElec)
You are resistant to unholy torment.
You are immune to petrification.


Message History

Aim: a two-headed ogre, wielding two +0 giant spiked clubs (100% to hit)
The magic dart hits the two-headed ogre.
The two-headed ogre is lightly wounded.
Casting: Magic Dart (safe; 1% risk of failure)
Confirm with . or Enter, or press ? or * to list all spells.
Aiming: Magic Dart (safe; 1% risk of failure)
Press: ? - help, Shift-Dir - straight line, f/p - two-headed ogre
Aim: a two-headed ogre, wielding two +0 giant spiked clubs (100% to hit)
The magic dart hits the two-headed ogre.
The two-headed ogre is lightly wounded.
Aiming: Sandblast (safe; 1% risk of failure)
Press: ? - help, Q - select action, (/) - cycle Shift-Dir - straight line, f/p - two-headed ogre
Aim: a two-headed ogre, wielding two +0 giant spiked clubs (lightly wounded, 93% to hit)
The blast of sand misses the two-headed ogre.
Aiming: Sandblast (safe; 1% risk of failure)
Press: ? - help, Q - select action, (/) - cycle Shift-Dir - straight line, f/p - two-headed ogre
Aim: a two-headed ogre, wielding two +0 giant spiked clubs (lightly wounded, 93% to hit)
The blast of sand hits the two-headed ogre!
The two-headed ogre is moderately wounded.
The two-headed ogre closely misses you. The two-headed ogre barely misses you.
Aiming: Sandblast (safe; 1% risk of failure)
Press: ? - help, Q - select action, (/) - cycle Shift-Dir - straight line, f/p - two-headed ogre
Aim: a two-headed ogre, wielding two +0 giant spiked clubs (moderately wounded, 93% to hit)
The blast of sand hits the two-headed ogre!!
The two-headed ogre is severely wounded.
The two-headed ogre hits you with a +0 giant spiked club!!
The two-headed ogre misses you.
Aiming: Sandblast (safe; 1% risk of failure)
Press: ? - help, Q - select action, (/) - cycle Shift-Dir - straight line, f/p - two-headed ogre
Aim: a two-headed ogre, wielding two +0 giant spiked clubs (severely wounded, 93% to hit)
The blast of sand hits the two-headed ogre.
The two-headed ogre is severely wounded.
The two-headed ogre hits you with a +0 giant spiked club!!
* * * LOW HITPOINT WARNING * * *
The two-headed ogre hits you with a +0 giant spiked club.
* * * LOW HITPOINT WARNING * * *
The two-headed ogre hits you with a +0 giant spiked club.
* * * LOW HITPOINT WARNING * * *
The two-headed ogre hits you with a +0 giant spiked club!
You die...

#......#....#....#### #.#
###......#....#....# #.####
....O.........#....## #.....
#....######..........##########
#.... ##.................## #...
#.................#. #...
#.......#.........#.
#######..O#####.........#.
.......#........@# #>........#.
.......#........## #.........#.
.......#........# #.........#.
.......#........# #.........#.
.......#........# ############
.......#........#
.......#........# ###########
......Y#........#######..........
...##............................


You could see a two-headed ogre.

Vanquished Creatures
  Maggie (D:6)
  A vampire (D:6)
  Eustachio (D:6)
  A steam dragon (D:6)
  Menkaure (D:5)
  Edmund (D:6)
  A water moccasin (D:5)
  An ice beast (D:6)
  A black bear (D:5)
  A phantom (D:3)
  4 kobold brigands
  A necrophage (D:6)
  A gnoll sergeant (D:6)
  6 scorpions
  8 wights (D:8)
  6 killer bees (D:8)
  2 howler monkeys
  3 orc priests (D:6)
  5 hounds
  2 jellies (D:6)
  2 iguanas
  3 orc wizards
  16 gnolls
  9 adders
  A shadow imp (D:3)
  2 white imps
  2 worms
  2 dart slugs (D:1)
  16 orcs
  6 ball pythons
  9 endoplasms
  4 giant cockroaches
  7 goblins
  5 hobgoblins
  25 kobolds
  4 quokkas
  6 bats
  2 frilled lizards
  9 rats
178 creatures vanquished.

Notes
Turn   | Place    | Note
-------+----------+-------------------------------------------
     0 | D:1      | quixfox the Gargoyle Earth Elementalist began the quest for
                  | the Orb.
     0 | D:1      | Reached XP level 1. HP: 10/10 MP: 3/3
   181 | D:1      | Reached XP level 2. HP: 15/15 MP: 3/5
   185 | D:1      | Reached skill level 4 in Earth Magic
   433 | D:1      | Found Cugeib's Assorted Antiques.
   483 | D:1      | Found a faded altar of an unknown god.
   573 | D:1      | Reached XP level 3. HP: 19/19 MP: 4/6
   576 | D:1      | Learned a level 2 spell: Passwall
   580 | D:1      | Learned a level 3 spell: Stone Arrow
   582 | D:1      | Learned a level 1 spell: Magic Dart
  1195 | D:2      | Reached skill level 1 in Conjurations
  1322 | D:2      | Reached XP level 4. HP: 24/24 MP: 6/8
  1496 | D:2      | Identified the ring "Uditok" {rN+++ Will- Dex-2 Slay+4}
  1656 | D:2      | Found a runed translucent door.
  1657 | D:2      | Noticed Crazy Yiuf
  2159 | D:3      | Noticed a scorpion
  2396 | D:3      | Reached skill level 5 in Earth Magic
  2396 | D:3      | Reached XP level 5. HP: 28/28 MP: 7/9
  2424 | D:3      | Noticed a phantom
  2438 | D:3      | Killed a phantom
  2653 | D:3      | Found Kent's Book Boutique.
  2920 | D:4      | Reached XP level 6. HP: 32/32 MP: 8/11
  2999 | D:4      | Found Feto's Assorted Antiques.
  3214 | D:3      | Reached skill level 6 in Earth Magic
  3498 | D:5      | Entered Level 5 of the Dungeon
  3527 | D:5      | Noticed a water moccasin
  3532 | D:5      | Killed a water moccasin
  3533 | D:5      | Reached XP level 7. HP: 33/36 MP: 8/13
  3853 | D:5      | Noticed Menkaure
  3854 | D:5      | Found a runed translucent door.
  3856 | D:5      | Killed Menkaure
  3857 | D:5      | Reached skill level 1 in Fighting
  4034 | D:5      | Reached skill level 7 in Earth Magic
  4034 | D:5      | Reached XP level 8. HP: 44/44 MP: 12/15
  4086 | D:5      | Found a runed translucent door.
  4091 | D:5      | Identified the +5 ring mail of Deuclifi {Harm}
  4099 | D:5      | Reached skill level 5 in Spellcasting
  4304 | D:5      | Noticed OstrichLN's ghost (amateur DsGl)
  4480 | D:6      | Noticed Eustachio
  4491 | D:6      | Killed Eustachio
  4492 | D:6      | Reached skill level 5 in Conjurations
  4722 | D:6      | Found a staircase to the Ecumenical Temple.
  4741 | Temple   | Entered the Ecumenical Temple
  4802 | Temple   | Became a worshipper of Vehumet
  4844 | D:6      | Noticed Maggie
  4852 | D:6      | Killed Maggie
  4853 | D:6      | Reached skill level 1 in Armour
  5192 | D:6      | Reached XP level 9. HP: 35/51 MP: 7/17
  5301 | D:6      | Found the +9 staff of Olgreb {rPois∞}
  5305 | D:6      | Found a runed translucent door.
  5320 | D:6      | Found a runed translucent door.
  5325 | D:6      | Found a runed translucent gate.
  5325 | D:6      | Found a runed translucent gate.
  5339 | D:6      | Found a runed translucent gate.
  5359 | D:6      | Reached skill level 8 in Earth Magic
  5962 | D:4      | Bought a pair of runed gloves for 210 gold pieces
  6109 | D:6      | Reached * piety under Vehumet
  6109 | D:6      | Offered knowledge of Freeze by Vehumet.
  6159 | D:6      | Noticed Edmund
  6188 | D:6      | Killed Edmund
  7796 | D:8      | Reached ** piety under Vehumet
  7796 | D:8      | Offered knowledge of Poisonous Vapours by Vehumet.
  8300 | D:8      | Reached skill level 5 in Fighting
  8423 | D:8      | Reached skill level 1 in Shields
  8423 | D:8      | Reached skill level 9 in Earth Magic
  8472 | D:8      | Reached XP level 10. HP: 59/59 MP: 17/19
  8842 | D:8      | Noticed a two-headed ogre
  8863 | D:8      | Slain by a two-headed ogre

Illustrated notes

Levels and vault maps discovered:
D:1:      heliophobic_arrival_glass_houses, layout_basic, serial_shops,
          nicolae_shop_competitors_out_of_business,
          chequers_ecumenical_altar_lobes
D:2:      layout_loops_ring, minmay_heptomino_d4, uniq_crazy_yiuf_cottage
D:3:      layout_loops_ring, serial_shops, shop
D:4:      layout_basic, serial_shops, nicolae_shop_waterfront
D:5:      layout_basic, ebering_ghost_sewer_f, kennysheep_generic_room_13,
          uniq_menkaure
D:6:      layout_basic, minmay_temple_entry_grid,
          minmay_guarded_unrand_staff_of_olgreb, uniq_eustachio, uniq_edmund,
          uniq_maggie
D:7:      layout_loops_corners
D:8:      layout_basic, serial_corexii_hall, chequers_hall_statues_corner_a,
          chequers_hall_statues_wall_a, minmay_misc_feat_columns, uniq_psyche
Temple:   mainiacjoe_temple_cubbyholes

Skill      XL: |  1  2  3  4  5  6  7  8  9 |
---------------+----------------------------+-----
Earth Magic    | 4 5 6 7 9 |  9.2
Conjurations   | 1 2 4 5 7 |  7.1
Spellcasting   | 3 4 5 6 |  6.6
Fighting       | 1 3 5 |  5.5
Dodging        | 2 |  2.5
Armour         | 2 4 |  4.7
Shields        | 1 |  1.8
Stealth        | |  2.1
Transmutations | |  0.7

Action                   |  1- 3 |  4- 6 |  7- 9 | 10-12 || total
-------------------------+-------+-------+-------+-------++-------
Melee: Quarterstaff      |     1 |       |     3 |       ||     4
       Falchion          |       |       |       |     2 ||     2
       Punch             |       |       |       |     1 ||     1
Throw: Dart              |       |       |     1 |       ||     1
 Cast: Sandblast         |    38 |    78 |   163 |    16 ||   295
       Magic Dart        |       |     3 |    38 |     9 ||    50
Evoke: Wand              |       |       |     2 |       ||     2
  Use: Scroll            |     2 |    12 |     7 |       ||    21
 Stab: Sleeping          |       |       |     1 |       ||     1
Armor: Robe              |       |     9 |    54 |       ||    63
       Leather armour    |       |       |     4 |    11 ||    15
Dodge: Dodged            |     3 |    35 |    80 |    11 ||   129

Table legend: (Time is in decaauts)
 A = Elapsed time spent in this place.
 B = Non-inter-level travel time spent in this place.
 C = Inter-level travel time spent in this place.
 D = Time resting spent in this place.
 E = Time spent auto-exploring this place.
 F = Levels seen in this place.
 G = Mean time per level.
                   A        B        C        D        E       F      G
               +--------+--------+--------+--------+--------+-----+--------+
         Total |   9156 |   8707 |    449 |   2362 |   2673 |   9 | 1017.3 |
       Dungeon |   9070 |   8645 |    425 |   2362 |   2636 |   8 | 1133.8 |
        Temple |     85 |     61 |     24 |      0 |     37 |   1 |   85.0 |
               +--------+--------+--------+--------+--------+-----+--------+

Top non-repeatable levels by time:
     D:6: 2296 daAuts
     D:3: 1151 daAuts
     D:8: 1126 daAuts
     D:2: 1088 daAuts
     D:5: 1043 daAuts
     D:7: 921 daAuts
     D:1: 848 daAuts
     D:4: 594 daAuts
  Temple: 85 daAuts
